 Dungeon Crawl Stone Soup version 0.30-a0-760-g5a9884bb7c (webtiles) character file.

Game seed: 13636523089760760824

15 sircluck the Digger (level 2, -4/20 HPs)
             Began as a Draconian Earth Elementalist on Feb 10, 2023.
             Slain by a hound (5 damage)
             ... on level 5 of the Dungeon.
             The game lasted 00:02:42 (1038 turns).

sircluck the Digger (Draconian Earth Elementalist)  Turns: 1038, Time: 00:02:42

Health: -4/20      AC:  4    Str: 10    XL:     2   Next: 34%
Magic:  3/5        EV: 12    Int: 15    God:
Gold:   62         SH:  0    Dex: 11    Spells: 4/5 levels left

rFire   . . .      SeeInvis .    b - +0 dagger
rCold   . . .      Faith    .    (no shield)
rNeg    . . .      Spirit   .    (body armour unavailable)
rPois   .          Reflect  .    (helmet restricted)
rElec   .          Harm     .    (no cloak)
rCorr   .          Rampage  .    (no gloves)
Will    .....                    (no boots)
Stlth   ++                       (no amulet)
HPRegen 0.23/turn                (no ring)
MPRegen 0.09/turn                (no ring)

@: no status effects
A: AC +4, unfitting armour, cold-blooded
a: no special abilities


You were on level 5 of the Dungeon.
You visited 1 branch of the dungeon, and saw 5 of its levels.

You collected 62 gold pieces.

Inventory:

Hand Weapons
 b - a +0 dagger (weapon)
 e - a +0 whip
Missiles
 d - 21 stones
Jewellery
 j - a +4 ring of protection
Scrolls
 f - 2 scrolls of immolation {unknown}
 l - a scroll of poison {unknown}
Potions
 a - a potion of magic
 c - a potion of might {unknown}
 g - a potion of mutation {unknown}
 h - a potion of heal wounds {unknown}
 i - a potion of haste {unknown}
 k - a potion of curing {unknown}
 m - a potion of attraction {unknown}


   Skills:
 + Level 1.8 Dodging
 + Level 1.9 Stealth
 + Level 2.0 Spellcasting
 + Level 1.0 Transmutations
 + Level 3.6 Earth Magic


You had 4 spell levels left.
You knew the following spells:

 Your Spells              Type           Power      Damage    Failure   Level
a - Sandblast             Erth           24%        2d8       4%          1

Your spell library contained the following spells:

 Spells                   Type           Power      Damage    Failure   Level
 Passwall                 Tmut/Erth      6%         N/A       13%         2
 Stone Arrow              Conj/Erth      14%        3d7       30%         3
 Petrify                  Tmut/Erth      8%         N/A       63%         4


Dungeon Overview and Level Annotations

Branches:
Dungeon (5/15)
 Temple: D:4-7

Altars:


Innate Abilities, Weirdness & Mutations

Your plain brown scales are hard. (AC +4)
You cannot fit into any form of body armour.
You are cold-blooded and may be slowed by cold attacks.


Message History

The hound is lightly wounded.
The hound misses you. The hound bites you.
You are too injured to fight recklessly!
You are too injured to fight recklessly!
You are too injured to fight recklessly!
You are too injured to fight recklessly!
The hound attacks as you move away! The hound closely misses you.
The hound barely misses you. The hound attacks as you move away!
The hound bites you but does no damage.
A howler monkey comes into view.
The howler monkey howls!
The hound bites you but does no damage.
The howler monkey hoots and howls with incredible vigour!
You hear an angry hiss.
The hound bites you. The hound attacks as you move away! The hound bites you.
* * * LOW HITPOINT WARNING * * *
The hound bites you but does no damage.
Casting: Sandblast (safe; 4% risk of failure)
Confirm with . or Enter, or press ? or * to list all spells.
Aiming: Sandblast (safe; 4% risk of failure)
Press: ? - help, Shift-Dir - straight line, f - hound
Aim: a hound (lightly wounded, 75% to hit)
The blast of sand hits the hound!
The hound is severely wounded.
The hound bites you.
* * * LOW HITPOINT WARNING * * *
The howler monkey barely misses you. The hound barely misses you.
The hound bites you but does no damage.
Casting: Sandblast (safe; 4% risk of failure)
Confirm with . or Enter, or press ? or * to list all spells.
Aiming: Sandblast (safe; 4% risk of failure)
Press: ? - help, Shift-Dir - straight line, f/p - hound
Aim: a hound (severely wounded, 75% to hit)
The blast of sand hits the hound.
The hound is almost dead.
The hound closely misses you. The howler monkey hits you.
* * * LOW HITPOINT WARNING * * *
The hound bites you.
You die...

............ #
.....#..... ..
.....#....# ...
..........# ....
#........##
.....###.........#
........####.....#
..............hh.#
...............@.#
.................#
.....#..........)#
.....#...........#
.... #...........#
... #...........#
... #...........#
#............


You could see a howler monkey and a hound.

Vanquished Creatures
  An orc (D:4)
  3 endoplasms
  2 quokkas (D:4)
  2 ball pythons
  2 bats
  2 frilled lizards (D:1)
  2 kobolds (D:1)
14 creatures vanquished.

Notes
Turn   | Place    | Note
-------+----------+-------------------------------------------
     0 | D:1      | sircluck the Draconian Earth Elementalist began the quest
                  | for the Orb.
     0 | D:1      | Reached XP level 1. HP: 14/14 MP: 3/3
   876 | D:2      | Reached XP level 2. HP: 20/20 MP: 5/5
  1021 | D:5      | Entered Level 5 of the Dungeon
  1031 | D:5      | Noticed a howler monkey
  1038 | D:5      | HP: 1/20 [howler monkey (3)]
  1038 | D:5      | Slain by a hound

Illustrated notes

Levels and vault maps discovered:
D:1:      giann_bridges, layout_basic
D:2:      layout_rooms, shapermc_ecumenical_altar_ellora
D:3:      minmay_door_path, layout_loops_cross
D:4:      layout_loops_cross, grunt_temple_overflow_bloody_war, tgw_xom,
          serial_shops, nicolae_shop_crystal, chequers_serial_rivers_micro_e
D:5:      layout_basic, temple_hall

Action                     || total
---------------------------++-------
  Melee: Dagger            ||    45
         Tailslap          ||     3
   Cast: Sandblast         ||    11
   Stab: Sleeping          ||     3
 Armour: Skin              ||    21
  Dodge: Dodged            ||    43

Table legend: (Time is in decaauts)
 A = Elapsed time spent in this place.
 B = Non-inter-level travel time spent in this place.
 C = Inter-level travel time spent in this place.
 D = Time resting spent in this place.
 E = Time spent auto-exploring this place.
 F = Levels seen in this place.
 G = Mean time per level.
                   A        B        C        D        E       F      G
               +--------+--------+--------+--------+--------+-----+--------+
         Total |   1041 |    988 |     53 |      0 |    709 |   5 |  208.2 |
       Dungeon |   1041 |    988 |     53 |      0 |    709 |   5 |  208.2 |
               +--------+--------+--------+--------+--------+-----+--------+

Top non-repeatable levels by time:
     D:1: 843 daAuts
     D:2: 113 daAuts
     D:4: 51 daAuts
     D:5: 17 daAuts
     D:3: 15 daAuts
